 Dungeon Crawl Stone Soup version 0.26-a0-652-gafc20e3620 (webtiles) character file.

Game seed: 8965862052223401702

1339 Flugkiller the Ruffian (level 8, -1/80 HPs)
             Began as an Ogre Transmuter on Oct 3, 2020.
             Slain by Harold
             ... wielding a +0 trident
              (19 damage)
             ... on level 7 of the Dungeon.
             The game lasted 00:16:41 (3575 turns).

Flugkiller the Ruffian (Ogre Transmuter)            Turns: 3575, Time: 00:16:42

Health: -1/80      AC:  6    Str: 15    XL:     8   Next: 61%
Magic:  23/23      EV: 11    Int: 16    God:
Gold:   219        SH:  0    Dex:  9    Spells: 5/15 levels left

rFire    . . .     SeeInvis .     - Unarmed
rCold    . . .     Faith    .   (no shield)
rNeg     . . .     Spirit   .   a - +1 robe
rPois    +         Reflect  .   (helmet restricted)
rElec    .         Harm     .   q - +1 cloak
rCorr    .         Rampage  .   (gloves unavailable)
MR       .....                  (boots unavailable)
Stlth    +.........             (no amulet)
HPRegen  0.23/turn              j - ring of poison resistance
MPRegen  0.18/turn              o - ring of magical power

@: studying Polearms
A: large, unfitting armour, tough skin 1
a: no special abilities


You were on level 7 of the Dungeon.
You visited 1 branch of the dungeon, and saw 7 of its levels.
You also visited: Sewer.

You collected 219 gold pieces.

Inventory:

Missiles
 b - 136 arrows
Armour
 a - a +1 robe (worn)
 q - a +1 cloak (worn)
   (You took it off Crazy Yiuf on level 4 of the Dungeon)
Jewellery
 f - an uncursed ring of resist corrosion
   (You found it on level 6 of the Dungeon)
 h - an uncursed ring of flight
   (You found it on level 4 of the Dungeon)
 j - a ring of poison resistance (left hand)
   (You found it on level 2 of the Dungeon)
 o - a ring of magical power (right hand)
   (You found it on level 3 of the Dungeon)
Wands
 u - a wand of polymorph (7)
   (You found it on level 6 of the Dungeon)
Scrolls
 e - a scroll of immolation {unknown}
 i - a scroll of remove curse {unknown}
 k - a scroll of amnesia {unknown}
 m - a scroll of random uselessness {unknown}
 r - a scroll of magic mapping {unknown}
 s - 2 scrolls of teleportation
Potions
 c - a potion of brilliance
 d - 2 potions of stabbing
 g - 2 potions of curing
 l - 4 potions of flight
 p - a potion of ambrosia
 v - a potion of might
Books
 n - a manual of Polearms
   (You found it on level 7 of the Dungeon)


   Skills:
 - Level 5.3 Fighting
 - Level 4.0 Dodging
 - Level 5.9 Unarmed Combat
 + Level 4.4 Spellcasting
 + Level 4.3 Transmutations
 + Level 1.5 Ice Magic
 - Level 1.0 Poison Magic


You had 5 spell levels left.
You knew the following spells:

 Your Spells              Type           Power        Failure   Level
a - Beastly Appendage     Tmut           ###...       2%          1
b - Wereblood             Tmut           ###.....     4%          2
c - Spider Form           Tmut/Pois      ##........   16%         3
d - Ice Form              Ice/Tmut       ##......     43%         4

Your spell library contained the following spells:

 Spells                   Type           Power        Failure   Level
 Blade Hands              Tmut           ###.......   58%         5


Dungeon Overview and Level Annotations

Branches:
Dungeon (7/15)             Temple (0/1) D:7           Sewer (visited)

Altars:
Qazlal
The Shining One

Annotations:
D:7 Harold


Innate Abilities, Weirdness & Mutations

You are too large for most types of armour.
You have tough skin. (AC +1)


Message History

A quokka comes into view.
Casting: Spider Form (dangerous; 16% risk of failure)
Confirm with . or Enter, or press ? or * to list all spells.
You grow a pair of large bovine horns.
Your feet morph into talons.
The quokka closely misses you.
You punch the quokka!
You kill the quokka!
Found a stone staircase leading down.
Your transformation is almost over.
A worker ant comes into view.
The worker ant twitches its antennae in your direction.
Found a staircase to the Ecumenical Temple.
Harold the Weathered comes into view.
He is wielding a +0 trident.
Harold shouts!
Harold throws a throwing net.
The throwing net hits you.
You become entangled in the net!
You see here a throwing net.
Okay, then.
You tear a large gash into the net.
You shred the net and break free!
Harold asks, "Do you mind if I name my boat the 'Flugkiller'?
Your head will be paying for it, after all."
Harold throws a throwing net.
The throwing net hits you.
You become entangled in the net!
Unknown command.
You struggle against the net.
The worker ant bites you.
* * * LOW HITPOINT WARNING * * *
You struggle against the net.
The worker ant bites you but does no damage.
Unknown command.
You struggle against the net.
The worker ant bites you but does no damage.
Unknown command.
You struggle against the net.
Your horns disappear.
Your talons disappear.
The worker ant barely misses you.
Unknown command.
You rip the net and break free!
Harold fires a harpoon shot at you. The harpoon shot hits you.
* * * LOW HITPOINT WARNING * * *
You are yanked forward by the harpoon shot.
The worker ant barely misses you.
Harold says, "Do you have any idea what people are willing to pay to have you killed, Flugkiller?"
Harold hits you from afar with a +0 trident!!
* * * LOW HITPOINT WARNING * * *
The worker ant bites you but does no damage.
Harold closely misses you.
Unknown command.
Harold hits you from afar with a +0 trident!!
You die...

..#...###.. .... ..#..
.#........ .........
..#....... .#.
#......... ....
##8>8..#.. #..# #.@## .#
.## ...###..##.###
##.........#.##.a.@....#
#.........##.......##..#
...........#......## .
..................###
#.......##...........
#.....###........... .
#...........##....## .
..


You could see Harold and a worker ant.

Vanquished Creatures
  Menkaure (D:4)
  A water moccasin (D:6)
  A black bear (D:7)
  3 centaurs
  A big kobold (Sewer)
  2 bullfrogs
  A scorpion (D:3)
  A howler monkey (D:4)
  4 orc priests
  Crazy Yiuf (D:4)
  A bullfrog skeleton (D:4)
  An orc wizard (D:5)
  2 iguanas (D:6)
  3 worker ants
  6 adders
  4 gnolls (D:6)
  A river rat (Sewer)
  A white imp (D:7)
  An ufetubus (D:6)
  3 adder skeletons
  A worm (D:2)
  A dart slug (D:2)
  2 leopard geckos
  10 orcs
  A bat (D:3)
  4 giant cockroaches
  A goblin (D:2)
  A hobgoblin (D:4)
  4 jackals
  2 quokkas
  3 ball pythons
  2 frilled lizards (D:1)
  5 kobolds
  A leopard gecko skeleton (D:7)
  10 rats
87 creatures vanquished.

Notes
Turn   | Place    | Note
-------+----------+-------------------------------------------
     0 | D:1      | Flugkiller the Ogre Transmuter began the quest for the Orb.
     0 | D:1      | Reached XP level 1. HP: 19/19 MP: 3/3
   365 | D:2      | Reached XP level 2. HP: 2/28 MP: 3/5
   663 | D:3      | HP: 1/28 [orc/+0 whip (4)]
   830 | D:4      | Reached XP level 3. HP: 14/36 MP: 1/6
   835 | D:4      | Learned a level 3 spell: Spider Form
  1090 | D:4      | Noticed Menkaure
  1097 | D:4      | Reached XP level 4. HP: 28/45 MP: 2/7
  1132 | D:4      | Killed Menkaure
  1132 | D:4      | Reached XP level 5. HP: 5/54 MP: 3/8
  1335 | D:4      | Reached skill level 5 in Unarmed Combat
  1335 | D:4      | Reached XP level 6. HP: 13/63 MP: 5/9
  1576 | D:5      | Entered Level 5 of the Dungeon
  1634 | D:5      | Reached skill level 5 in Fighting
  1915 | D:5      | Reached XP level 7. HP: 47/72 MP: 6/10
  1923 | D:5      | Found a glowing drain.
  1933 | Sewer    | Entered a sewer
  2010 | Sewer    | Reached skill level 1 in Poison Magic
  2037 | Sewer    | Found a white marble altar of Elyvilon.
  2418 | D:4      | Found a runed translucent door.
  2419 | D:4      | Noticed Crazy Yiuf
  2429 | D:4      | Killed Crazy Yiuf
  2562 | D:5      | Noticed a steam dragon
  2744 | D:6      | Reached XP level 8. HP: 80/80 MP: 8/11
  2750 | D:6      | Learned a level 2 spell: Wereblood
  2755 | D:6      | Learned a level 4 spell: Ice Form
  2774 | D:6      | Found a stormy altar of Qazlal.
  2774 | D:6      | Found a glowing golden altar of the Shining One.
  3403 | D:7      | Reached skill level 1 in Ice Magic
  3564 | D:7      | Found a staircase to the Ecumenical Temple.
  3565 | D:7      | Noticed Harold
  3575 | D:7      | Slain by Harold

Illustrated notes

Levels and vault maps discovered:
D:1:      dpeg_arrival_arbitrary_c, layout_basic, minmay_ruptured
D:2:      minmay_chambers_of_twos, layout_loops_cross, marbit_many_paths
D:3:      layout_basic, old_standard_altar, grunt_temple_overflow_open,
          uniq_sigmund
D:4:      layout_layer_cave, minmay_door_square, kennysheep_generic_room_9,
          uniq_menkaure, uniq_crazy_yiuf_cottage
D:5:      minmay_chambers_of_fours, layout_loops_ring, portal_sewer_entry_b
D:6:      kennysheep_spiral_hall, layout_layer_cave,
          gammafunk_temple_overflow_elements
D:7:      layout_cave_pools, temple_statues, moated_statue, minmay_manual_mail,
          uniq_maggie, uniq_harold

Skill      XL: |  1  2  3  4  5  6  7  8 |
---------------+-------------------------+-----
Unarmed Combat | 3 4 5 |  5.9
Fighting       | 2 3 4 5 |  5.3
Transmutations | 3 4 |  4.3
Poison Magic   | 1 |  1.0
Dodging        | 4 |  4.0
Spellcasting   | 4 |  4.4
Ice Magic      | 1 |  1.5

Action                   |  1- 3 |  4- 6 |  7- 9 || total
-------------------------+-------+-------+-------++-------
Melee: Unarmed           |    71 |    45 |   171 ||   287
       Kick              |    17 |     5 |     3 ||    25
       Headbutt          |     8 |     1 |     1 ||    10
       Punch             |       |       |     1 ||     1
 Cast: Beastly Appendage |    17 |     3 |     4 ||    24
       Spider Form       |       |     5 |    20 ||    25
 Abil: Evoke Flight      |       |       |     1 ||     1
  Use: Potion            |     3 |     3 |     4 ||    10
       Scroll            |     4 |       |     5 ||     9
 Stab: Sleeping          |     1 |     1 |       ||     2
Armor: Robe              |    15 |     4 |    11 ||    30
       Skin              |       |     7 |    10 ||    17
Dodge: Dodged            |    31 |    23 |   163 ||   217

Table legend: (Time is in decaauts)
 A = Elapsed time spent in this place.
 B = Non-inter-level travel time spent in this place.
 C = Inter-level travel time spent in this place.
 D = Time resting spent in this place.
 E = Time spent auto-exploring this place.
 F = Levels seen in this place.
 G = Mean time per level.
                   A        B        C        D        E       F      G
               +--------+--------+--------+--------+--------+-----+--------+
         Total |   3766 |   3745 |     21 |     57 |      0 |   8 |  470.8 |
       Dungeon |   3578 |   3557 |     21 |     57 |      0 |   7 |  511.1 |
         Sewer |    188 |    188 |      0 |      0 |      0 |   1 |  188.0 |
               +--------+--------+--------+--------+--------+-----+--------+

Top non-repeatable levels by time:
     D:4: 1127 daAuts
     D:6: 770 daAuts
     D:5: 651 daAuts
     D:1: 337 daAuts
     D:2: 289 daAuts
     D:7: 274 daAuts
   Sewer: 188 daAuts
     D:3: 127 daAuts
